 Dungeon Crawl Stone Soup version 0.19.0-23-gf02e663 (webtiles) character file.

63 RKaid the Cudgeler (level 4, -4/28 HPs)
             Began as a Gargoyle Monk on Nov 19, 2016.
             Slain by an orc
             ... wielding a +0 falchion
              (5 damage)
             ... on level 3 of the Dungeon.
             The game lasted 00:02:35 (2105 turns).

RKaid the Cudgeler (Gargoyle Monk)                  Turns: 2105, Time: 00:02:36

Health: -4/28      AC:  5    Str: 16    XL:     4   Next: 10%
Magic:  4/4        EV: 12    Int: 10    God:
Gold:   156        SH:  0    Dex: 12    Spells: 0 memorised, 3 levels left

rFire  . . .     SeeInvis .     a - +0 mace
rCold  . . .     Gourm    .     b - +0 robe
rNeg   + . .     Faith    .     (no shield)
rPois  ∞         Spirit   .     (no helmet)
rElec  +         Reflect  .     (no cloak)
rCorr  .         Harm     .     (no gloves)
MR     .....                    (no boots)
Stlth  ++........               (no amulet)
                                (no ring)
                                (no ring)

@: no status effects
A: negative energy resistance 1, electricity resistance, unbreathing,
petrification resistance, rot immunity, AC +3
a: no special abilities


You were on level 3 of the Dungeon.
You were not hungry.

You visited 1 branch of the dungeon, and saw 3 of its levels.

You collected 156 gold pieces.

Inventory:

Hand Weapons
 a - a +0 mace (weapon)
Armour
 b - a +0 robe (worn)
 o - a +0 pair of gloves
   (You found it on level 2 of the Dungeon)
Scrolls
 d - 3 scrolls of enchant weapon {unknown}
 e - a scroll of noise {unknown}
 i - 3 scrolls of identify {unknown}
 j - 2 scrolls of fog {unknown}
 k - a scroll of random uselessness {unknown}
 m - a scroll of remove curse {unknown}
 q - a scroll of magic mapping {unknown}
 s - a scroll of amnesia {unknown}
 u - a scroll of immolation {unknown}
 v - a scroll of teleportation {unknown}
Potions
 f - a potion of agility {unknown}
 h - 4 potions of lignification {unknown}
 p - a potion of brilliance {unknown}
 r - 3 potions of curing {unknown}
 t - a potion of haste {unknown}
Comestibles
 c - 2 bread rations
 g - 4 fruits
 l - a meat ration
 n - 5 chunks of flesh


   Skills:
 - Level 3.2 Fighting
 + Level 4.8 Maces & Flails
 - Level 2.4 Dodging
 - Level 2.1 Stealth


You had 3 spell levels left.
You didn't know any spells.

Dungeon Overview and Level Annotations

Branches:
Dungeon (3/15)

Altars:
Dithmenos
Trog
Uskayaw
Xom


Innate Abilities, Weirdness & Mutations

You are resistant to torment.
Your stone body is resilient. (AC +3)
You are immune to poison.
You resist negative energy. (rN+)
You are resistant to electric shocks. (rElec)
You can survive without breathing.
You are immune to petrification.
You are immune to rotting.


Message History

u - a scroll labeled FEFOIFF UPHUSM
v - a scroll labeled FUAS VIDWO
r - 3 purple potions (gained 2)
A ball python comes into view.
The ball python hisses angrily.
A ball python is nearby!
A ball python is nearby!
A ball python is nearby!
A ball python is nearby!
You hit the ball python but do no damage.
The ball python bites you. The ball python barely misses you.
The ball python bites you but does no damage.
The ball python grabs you. The ball python constricts you.
You barely miss the ball python.
The ball python bites you but does no damage.
The ball python constricts you.
You hit the ball python.
You kill the ball python!
No target in view!
You butcher the ball python corpse.
n - 8 chunks of flesh (gained 3)
A kobold comes into view.
A kobold is nearby!
A kobold is nearby!
A kobold is nearby!
A kobold is nearby!
The kobold shouts!
You hit the kobold but do no damage. The kobold hits you.
You closely miss the kobold. The kobold hits you.
The kobold hits you but does no damage.
You sock the kobold!
You kill the kobold!
No target in view!
No target in view!
A hobgoblin comes into view. It is wielding a club.
A hobgoblin is nearby!
A hobgoblin is nearby!
A hobgoblin is nearby!
A hobgoblin is nearby!
The hobgoblin shouts!
You hit the hobgoblin. The hobgoblin hits you with a club.
You hit the hobgoblin.
You kill the hobgoblin!
A dart slug comes into view.
The dart slug moves out of view.
Things that are here:
a club; a hobgoblin corpse An orc comes into view.
It is wielding a falchion.
The orc moves out of view.
An orc comes into view.
The orc moves out of view.
A kobold comes into view. It is wielding a club.
An orc comes into view. It is wielding a short sword of speed.
Found a stone staircase leading up.
There are monsters nearby!
There are monsters nearby!
An orc comes into view. It is wielding a club. x2
The orc shouts! x2; The kobold shouts!
The orc shouts!
The kobold throws a stone.
The stone closely misses you.
You hit the orc but do no damage. The orc barely misses you.
The orc closely misses you.
You completely miss the orc. The orc barely misses you.
The orc hits you but does no damage.
The orc hits you with a short sword of speed.
You barely miss the orc. The orc hits you with a club.
You hit the orc. The orc hits you but does no damage.
You barely miss the orc. The orc hits you but does no damage.
The orc hits you with a club. The orc hits you but does no damage. x2
Some of the chunks of flesh in your inventory have rotted away.
You hit the orc.
You kill the orc!
You have reached level 4!
You feel stronger. The orc hits you but does no damage.
A leopard gecko comes into view.
The leopard gecko hisses angrily.
You hit the orc but do no damage. The orc hits you with a club.
You hit the orc. The orc hits you with a club.
You hit the orc.
You kill the orc!
The orc completely misses you.
You barely miss the orc. The orc barely misses you.
You closely miss the orc. The orc hits you but does no damage.
The leopard gecko bites you but does no damage.
You thump the leopard gecko!
You kill the leopard gecko!
The orc closely misses you.
You hit the orc. The orc hits you but does no damage.
You hit the orc.
You kill the orc!
You completely miss the orc. The orc barely misses you.
You hit the orc. The orc hits you with a falchion.
* * * LOW HITPOINT WARNING * * *
The orc hits you with a falchion.
* * * LOW HITPOINT WARNING * * *
You hit the orc. The orc hits you with a falchion.
* * * LOW HITPOINT WARNING * * *
You hit the orc. The orc hits you with a falchion.
You die...

.##..........#
............#
#o........<#
###w..oo.....#
.............#
. #%...o.....#
... #o.#
#...######.(#
#...@oK#.##
######w..#
##..# #...#
##)### #### #
#..# ##..# ..
#.## #..## ...
#.# ##.## ###
#.# #..#


You could see a dart slug, an orc and a kobold.

Vanquished Creatures
  An adder (D:2)
  A dart slug (D:3)
  3 leopard geckos
  3 orcs (D:3)
  4 giant cockroaches
  4 goblins
  6 hobgoblins
  8 kobolds
  A quokka (D:2)
  A ball python (D:3)
  4 bats
  5 frilled lizards
  A rat (D:3)
42 creatures vanquished.

Notes
Turn   | Place    | Note
-------+----------+-------------------------------------------
     0 | D:1      | RKaid the Gargoyle Monk began the quest for the Orb.
     0 | D:1      | Reached XP level 1. HP: 14/14 MP: 1/1
   129 | D:1      | Reached XP level 2. HP: 18/19 MP: 2/2
   183 | D:1      | Found a shimmering altar of Xom.
   188 | D:1      | Found a basalt altar of Yredelemnul.
   188 | D:1      | Found a hide-covered altar of Uskayaw.
   190 | D:1      | Found a shadowy altar of Dithmenos.
   190 | D:1      | Found a shadowy altar of Dithmenos.
   190 | D:1      | Found a bloodstained altar of Trog.
   353 | D:1      | HP: 4/19 [goblin/dagger (2)]
  1174 | D:2      | Reached skill level 4 in Maces & Flails
  1182 | D:2      | Reached XP level 3. HP: 23/23 MP: 3/3
  2093 | D:3      | Reached XP level 4. HP: 18/28 MP: 4/4
  2103 | D:3      | HP: 6/28 [orc/falchion (2)]
  2104 | D:3      | HP: 1/28 [orc/falchion (5)]
  2105 | D:3      | Slain by an orc

Skill      XL: |  1  2 |
---------------+-------+-----
Maces & Flails | 4 |  4.8
Fighting       | |  3.2
Dodging        | |  2.4
Stealth        | |  2.1

Action                   |  1- 3 |  4- 6 || total
-------------------------+-------+-------++-------
Melee: Mace              |   147 |    12 ||   159
 Stab: Sleeping          |     7 |       ||     7
  Eat: Chunk             |     4 |       ||     4
Armor: Robe              |    64 |     4 ||    68
Dodge: Dodged            |    95 |     4 ||    99

Vault maps used:
D:1:      enne_arrival_octagon_isle, doesnt_xom_only_xom
D:2:      kennysheep_generic_room_8
D:3:      gammafunk_temple_overflow_pools, first_bread

Table legend:
 A = Turns spent in this place as a percentage of turns spent in the entire game.
 B = Non-inter-level travel turns spent in this place as a percentage of non-inter-level travel turns spent in the entire game.
 C = Inter-level travel turns spent in this place as a percentage of turns spent in this place.
 D = Turns resting spent in this place as a percentage of non-inter-level travel turns spent in this place.
 E = Turns spent auto-exploring this place as a percentage of non-inter-level travel turns spent in this place.
 F = Non-inter-level travel turns spent in this place divided by the number of levels of this place that you've seen.
                   A       B       C       D       E      F
               +-------+-------+-------+-------+-------+----------------------
         Total | 100.0 | 100.0 |   0.2 |   0.7 |  12.6 | 179.7
       Dungeon | 100.0 | 100.0 |   0.2 |   0.7 |  12.6 | 179.7
               +-------+-------+-------+-------+-------+----------------------

Table legend:
 A = Kills in this place as a percentage of kills in entire the game.
 B = Kills by you in this place as a percentage of kills by you in the entire game.
 C = Kills by friends in this place as a percentage of kills by friends in the entire game.
 D = Other kills in this place as a percentage of other kills in the entire game.
 E = Experience gained in this place as a percentage of experience gained in the entire game.
 F = Experience gained in this place divided by the number of levels of this place that you have seen.
                   A       B       C       D       E      F
               +-------+-------+-------+-------+-------+----------------------
         Total | 100.0 | 100.0 |  -nan |  -nan | 100.0 |  30.3
       Dungeon | 100.0 | 100.0 |  -nan |  -nan | 100.0 |  30.3
               +-------+-------+-------+-------+-------+----------------------
